 Dungeon Crawl Stone Soup version 0.21-a0-270-g8204059 (webtiles) character file.

183 tof the Shooter (level 5, -2/45 HPs)
             Began as a Centaur Hunter on Sept 14, 2017.
             Slain by an ogre
             ... wielding a +0 giant spiked club
              (11 damage)
             ... on level 4 of the Dungeon.
             The game lasted 00:05:57 (3353 turns).

tof the Shooter (Centaur Hunter)                    Turns: 3353, Time: 00:05:58

Health: -2/45      AC:  5    Str: 15    XL:     5   Next: 35%
Magic:  5/5        EV:  9    Int: 10    God:
Gold:   124        SH:  0    Dex: 10    Spells: 4/4 levels left

rFire    . . .     SeeInvis .   a - +1 shortbow
rCold    . . .     Gourm    .   (shield currently unavailable)
rNeg     . . .     Faith    .   e - +0 ring mail
rPois    .         Spirit   .   (no helmet)
rElec    .         Reflect  .   (no cloak)
rCorr    .         Harm     .   (no gloves)
MR       .....                  (no barding)
Stlth    +.........             (no amulet)
HPRegen  0.15/turn              (no ring)
MPRegen  0.09/turn              (no ring)

@: very quick
A: hooves 3, deformed body, speed 2, tough skin 3
a: no special abilities


You were on level 4 of the Dungeon.
You were not hungry.

You visited 1 branch of the dungeon, and saw 4 of its levels.

You collected 124 gold pieces.

Inventory:

Hand Weapons
 a - a +1 shortbow (weapon)
 b - a +0 short sword of protection
Missiles
 d - 11 arrows (quivered)
Armour
 e - a +0 ring mail (worn)
Jewellery
 r - an uncursed ring of poison resistance {unknown}
Scrolls
 c - a scroll of remove curse {unknown}
 g - a scroll of noise {unknown}
 h - a scroll of amnesia {unknown}
 i - a scroll of fog {unknown}
 k - a scroll of identify {unknown}
 m - a scroll of teleportation
 s - a scroll of magic mapping {unknown}
Potions
 o - 2 potions of flight {unknown}
 p - 2 potions of magic {unknown}
Comestibles
 f - 3 bread rations
 j - a royal jelly
 l - 3 fruits
 n - 3 meat rations


   Skills:
 + Level 3.0 Fighting
 * Level 6.6 Bows
 + Level 2.3 Dodging
 + Level 1.7 Stealth


You had 4 spell levels left.
You didn't know any spells.

Dungeon Overview and Level Annotations

Branches:
Dungeon (4/15)
 Temple: D:4-7

Altars:
Qazlal
Uskayaw


Innate Abilities, Weirdness & Mutations

You have hooves in place of feet.
Armour fits poorly on your strangely shaped body.
You cover ground very quickly.
You have extremely tough skin. (AC +3)


Message History

Firing (i - inventory):
d - 14 arrows (quivered)
Press: ? - help, Shift-Dir - straight line, f/p - ogre
Aim: an ogre, wielding a giant spiked club (moderately wounded)
You shoot an arrow. The arrow hits the ogre.
The ogre is heavily wounded.
Firing (i - inventory):
d - 13 arrows (quivered)
Press: ? - help, Shift-Dir - straight line, f/p - ogre
Aim: an ogre, wielding a giant spiked club (heavily wounded)
You shoot an arrow. The arrow barely misses the ogre.
The arrow hits the ogre.
The ogre is lightly wounded.
Firing (i - inventory):
d - 12 arrows (quivered)
Press: ? - help, Shift-Dir - straight line, f/p - ogre
Aim: an ogre, wielding a giant spiked club (heavily wounded)
You shoot an arrow. The arrow hits the ogre.
The ogre is severely wounded.
The ogre hits you with a giant spiked club!!
Ouch! That really hurt!
* * * LOW HITPOINT WARNING * * *
The ogre hits you with a giant spiked club!
You die...

############
#......@...#
#.....OO...#
#..........#
#.......(..#
#......((..#
####'#(....#
#...#.....#
.
#...#.....#
(.
#...'..)..#


You could see 2 ogres.

Vanquished Creatures
  4 gnolls (D:2)
  5 adders (D:2)
  2 oozes
  An adder skeleton (D:4)
  3 worms (D:3)
  2 dart slugs (D:2)
  2 leopard geckos
  3 orcs (D:4)
  4 giant cockroaches
  8 goblins
  9 hobgoblins
  6 jackals
  7 bats
  6 frilled lizards
  6 kobolds
  A quokka skeleton (D:2)
  4 rats
73 creatures vanquished.

Notes
Turn   | Place    | Note
-------+----------+-------------------------------------------
     0 | D:1      | tof the Centaur Hunter began the quest for the Orb.
     0 | D:1      | Reached XP level 1. HP: 17/17 MP: 1/1
   326 | D:1      | Reached XP level 2. HP: 16/24 MP: 2/2
  1153 | D:2      | Reached XP level 3. HP: 29/29 MP: 3/3
  1230 | D:2      | Reached skill level 1 in Stealth
  1753 | D:2      | Found a hide-covered altar of Uskayaw.
  1773 | D:2      | Reached skill level 6 in Bows
  1773 | D:2      | Reached XP level 4. HP: 35/37 MP: 4/4
  1865 | D:2      | Found a stormy altar of Qazlal.
  2408 | D:2      | Reached XP level 5. HP: 44/44 MP: 5/5
  3327 | D:4      | Noticed an ogre
  3328 | D:4      | Noticed an ogre
  3353 | D:4      | Slain by an ogre

Vault maps used:
D:1:      dpeg_arrival_court
D:2:      nicolae_overflow_crystal_walls, lemuel_round_altar,
          kennysheep_generic_room_14
D:4:      cheibriados_altar_1, serial_shops, shop, first_bread,
          serial_bayou_ford_a

Skill      XL: |  1  2  3  4  5 |
---------------+----------------+-----
Stealth        | 1 |  1.7
Dodging        | 2 |  2.3
Bows           | 6 |  6.6
Fighting       | 3 |  3.0

Action                   |  1- 3 |  4- 6 || total
-------------------------+-------+-------++-------
Melee: Short sword       |   144 |    96 ||   240
       Kick              |    22 |    28 ||    50
 Fire: Shortbow          |    14 |    40 ||    54
  Use: Scroll            |       |     1 ||     1
  Eat: Chunk             |     2 |     4 ||     6
Armor: Ring mail         |    84 |    44 ||   128
       Leather armour    |     1 |       ||     1
Dodge: Dodged            |    66 |    49 ||   115

Table legend:
 A = Spawn XP
 B = Non-spawn XP
 C = Spawn XP percentage of total XP
 D = Spawn monster count
 E = Non-spawn monster count
 F = Spawn count percentage of total count
 G = Total turns spent on level
                    A         B        C        D         E        F      G
               +---------+---------+-------+---------+---------+-------+---------
         Total |       0 |     262 |   0.0 |       0 |      73 |   0.0 |  3353
               +---------+---------+-------+---------+---------+-------+---------
           D:1 |       0 |      40 |   0.0 |       0 |      21 |   0.0 |  1151
           D:2 |       0 |     167 |   0.0 |       0 |      30 |   0.0 |  1378
           D:3 |       0 |      41 |   0.0 |       0 |      18 |   0.0 |   764
           D:4 |       0 |      14 |   0.0 |       0 |       4 |   0.0 |    60
               +---------+---------+-------+---------+---------+-------+---------
